 Dungeon Crawl Stone Soup version 0.19.4 (webtiles) character file.

66 Jynx the Conjurer (level 3, -1/19 HPs)
             Began as a Deep Elf Conjurer on Jan 30, 2017.
             Slain by a gnoll
             ... wielding a +0 whip
              (4 damage)
             ... on level 1 of the Dungeon.
             The game lasted 00:01:47 (884 turns).

Jynx the Conjurer (Deep Elf Conjurer)                Turns: 884, Time: 00:01:47

Health: -1/19      AC:  5    Str:  6    XL:     3   Next: 96%
Magic:  2/10       EV: 13    Int: 19    God:
Gold:   91         SH:  0    Dex: 15    Spells: 1 memorised, 8 levels left

rFire  . . .     SeeInvis .     h - +1 dagger (elec)
rCold  . . .     Gourm    .     a - +0 robe
rNeg   . . .     Faith    .     (no shield)
rPois  .         Spirit   .     (no helmet)
rElec  .         Reflect  .     (no cloak)
rCorr  .         Harm     .     (no gloves)
MR     .....                    i - +2 pair of boots
Stlth  ++........               (no amulet)
                                (no ring)
                                (no ring)

@: very slightly contaminated
A: no striking features
a: no special abilities


You were on level 1 of the Dungeon.
You were not hungry.

You visited 1 branch of the dungeon, and saw 2 of its levels.

You collected 91 gold pieces.

Inventory:

Hand Weapons
 h - a +1 dagger of electrocution (weapon)
Armour
 a - a +0 robe (worn)
 i - a +2 pair of boots (worn)
Wands
 n - a wand of polymorph (11/24)
Scrolls
 e - 2 scrolls of identify {unknown}
 g - a scroll of recharging {unknown}
 m - a scroll of amnesia
 p - a scroll of blinking {unknown}
Potions
 f - a potion of curing {unknown}
 j - a potion of beneficial mutation {unknown}
 k - a potion of might {unknown}
 l - a potion of haste {unknown}
 o - a potion of resistance {unknown}
Books
 b - a book of Conjurations

   Spells                             Type                      Level
   a - Magic Dart                     Conjuration                  1
   b - Searing Ray                    Conjuration                  2
   c - Dazzling Spray                 Conjuration/Hexes            3
   d - Fulminant Prism                Conjuration/Hexes            4
   e - Iskenderun's Mystic Blast      Conjuration                  4
   f - Iskenderun's Battlesphere      Conjuration/Charms           5
Comestibles
 c - 2 bread rations
 d - a meat ration
 q - 3 chunks of flesh


   Skills:
 + Level 1.3 Short Blades
 - Level 2.4 Dodging
 - Level 2.4 Stealth
 + Level 3.7 Spellcasting
 * Level 5.5 Conjurations


You had 8 spell levels left.
You knew the following spells:

 Your Spells              Type           Power        Failure   Level  Hunger
a - Magic Dart            Conj           ###.         1%          1    None


Dungeon Overview and Level Annotations

Branches:
Dungeon (2/15)

Altars:


Message History

Confirm with . or Enter, or press ? or * to list all spells.
Aiming: Magic Dart
Press: ? - help, Shift-Dir - straight line, f/p - gnoll
Aim: a gnoll, wielding a whip The magic dart hits the gnoll.
The gnoll is moderately wounded.
The gnoll closely misses you.
Casting: Magic Dart
Confirm with . or Enter, or press ? or * to list all spells.
Aiming: Magic Dart
Press: ? - help, Shift-Dir - straight line, f/p - gnoll
Aim: a gnoll, wielding a whip (moderately wounded)
The magic dart hits the gnoll.
The gnoll is moderately wounded.
The gnoll closely misses you.
Okay, then.
You hit the gnoll.
There is a sudden explosion of sparks!
The gnoll is almost dead.
The gnoll hits you with a whip.
You die...

##....# #............##.###...##.
##...# ##..........#...###..####
##..####.......................
#.....##...............#.#.##..
#......#.......................
#..........................####
#.........................##...
###............................##
................@g..........#####
###........>.####...##.....[# #
#....#.#.### #######....## #
#.#......##########......######
#.#............................
##.....#.)######.#####....######
##.....###...###..##.....#.....##
#..)...###.......................
.†.###........##.###.....(..#####


You could see a gnoll.

Vanquished Creatures
  A gnoll (D:2)
  3 adders (D:2)
  A dart slug (D:1)
  A leopard gecko (D:1)
  A giant cockroach (D:1)
  3 goblins (D:1)
  2 hobgoblins
  3 jackals (D:1)
  4 kobolds (D:1)
  4 bats
  A frilled lizard (D:1)
  4 rats
28 creatures vanquished.

Notes
Turn   | Place    | Note
-------+----------+-------------------------------------------
     0 | D:1      | Jynx the Deep Elf Conjurer began the quest for the Orb.
     0 | D:1      | Reached XP level 1. HP: 10/10 MP: 6/6
   159 | D:1      | Reached XP level 2. HP: 15/15 MP: 6/8
   483 | D:1      | Reached skill level 5 in Conjurations
   498 | D:1      | Reached skill level 1 in Short Blades
   660 | D:2      | Reached XP level 3. HP: 19/19 MP: 6/10
   884 | D:1      | Slain by a gnoll

Skill      XL: |  1  2 |
---------------+-------+-----
Conjurations   | 5 |  5.5
Short Blades   | 1 |  1.3
Dodging        | |  2.4
Stealth        | |  2.4
Spellcasting   | |  3.7

Action                   || total
-------------------------++-------
Melee: Dagger            ||    16
 Cast: Magic Dart        ||    63
  Use: Scroll            ||     1
Armor: Robe              ||     3
Dodge: Dodged            ||    30
